PR
HICKSVILLE HOUNDS @ MEMPHIS MUSIC
07/29/2042
 
TOP OF THE 1ST
Hicksville Hounds batting - Pitching for Memphis Music : RHP Iván Toledo
Pitching: RHP Iván Toledo
Batting: RHB Arturo Iglésias 0-0: Ball
1-0: Swinging Strike
1-1: Ball
2-1: Swinging Strike
2-2: Ball
3-2: SINGLE (Groundball, 56D, EV 109.4 MPH)
Batting: RHB Jesús Renderos 0-0: Ball
Arturo Iglésias is caught stealing 2nd base 2-4
1-0: Called Strike
1-1: Ball
2-1: Ground out 5-3 (Groundball, 5S, EV 68.1 MPH)
Batting: LHB Timothy Hayes 0-0: Ball
1-0: Swinging Strike
1-1: Foul Ball, location: 2F
1-2: Ball
2-2: Fly out, F9 (Flyball, 9S, EV 89.4 MPH)
Top of the 1st over - 0 runs, 1 hit, 0 errors, 0 left on base; Hicksville 0 - Memphis 0
BOTTOM OF THE 1ST
Memphis Music batting - Pitching for Hicksville Hounds : RHP Chris Johnson
Pitching: RHP Chris Johnson
Batting: LHB Seung-yeop Yom 0-0: Swinging Strike
0-1: SINGLE (Flyball, 7S, EV 87.5 MPH)
Batting: LHB Roberto Torres 0-0: Ball
1-0: Swinging Strike
1-1: Foul Ball, location: 2F
1-2: Ball
2-2: Ball
3-2: Foul Ball, location: 2F
3-2: Fly out, F9 (Flyball, 89M, EV 88.1 MPH)
Batting: RHB Juan Pérez 0-0: Ball
1-0: Called Strike
1-1: Swinging Strike
1-2: SINGLE (Line Drive, 7LS, EV 101.2 MPH)
Seung-yeop Yom to second
Batting: LHB Chiel van der Lee 0-0: Swinging Strike
0-1: Ball
1-1: Swinging Strike
1-2: Fielders Choice at 2nd, 4-6 (Groundball, 34, EV 104.4 MPH)
Seung-yeop Yom to third
Batting: RHB Nestor Soliman 0-0: Ball
1-0: Ball
2-0: Ball
3-0: Called Strike
3-1: SINGLE (Line Drive, 34, EV 100.6 MPH)
Seung-yeop Yom scores
Chiel van der Lee to second
Batting: LHB Paul Green 0-0: Called Strike
0-1: Called Strike
0-2: Ball
1-2: Foul Ball, location: 2F
1-2: Ball
2-2: SINGLE (Groundball, 3D, EV 106.9 MPH)
Chiel van der Lee to third
Nestor Soliman to second
Runner from 3rd tries for Home, SAFE, no throw by RF
Batting: RHB Greg Mooney 0-0: Called Strike
0-1: Ball
1-1: SINGLE (Groundball, 56D, EV 96.9 MPH)
Nestor Soliman to third
Paul Green to second
Runner from 3rd tries for Home, SAFE, no throw by LF
Batting: RHB Javier Bruno 0-0: Called Strike
0-1: Ball
1-1: Fly out, F9 (Line Drive, 9D, EV 90.0 MPH)
Bottom of the 1st over - 3 runs, 5 hits, 0 errors, 2 left on base; Hicksville 0 - Memphis 3
TOP OF THE 2ND
Hicksville Hounds batting - Pitching for Memphis Music : RHP Iván Toledo
Batting: RHB Ramiro Rivera 0-0: Called Strike
0-1: Ball
1-1: Ball
2-1: Swinging Strike
2-2: DOUBLE (Line Drive, 9LD, EV 105.0 MPH)
Batting: RHB Joe Barrientez 0-0: Called Strike
0-1: Ball
1-1: Ball
2-1: Fly out, F8 (Flyball, 8LXD, EV 104.4 MPH)
Runner from 2nd tags up, SAFE at 3rd, no throw by CF
Batting: RHB Trent Davis 0-0: Reached on error, E6 (Groundball, 4M, EV 100.6 MPH)
Ramiro Rivera scores
Batting: RHB Martín González 0-0: Swinging Strike
0-1: Called Strike
0-2: Ball
1-2: Strikes out swinging
Batting: RHB Larry Thompson 0-0: Ball
1-0: Ball
2-0: Fly out, F8 (Flyball, 8RS, EV 77.5 MPH)
Top of the 2nd over - 1 run, 1 hit, 1 error, 1 left on base; Hicksville 1 - Memphis 3
BOTTOM OF THE 2ND
Memphis Music batting - Pitching for Hicksville Hounds : RHP Chris Johnson
Batting: LHB Norbert King 0-0: Swinging Strike
0-1: Foul Ball, location: 2F
0-2: Ball
1-2: Ball
2-2: Ball
3-2: Strikes out swinging
Batting: LHB Seung-yeop Yom 0-0: Called Strike
0-1: Ball
1-1: Ball
2-1: Ball
3-1: Swinging Strike
3-2: Ground out 4-3 (Groundball, 4M, EV 81.9 MPH)
Batting: LHB Roberto Torres 0-0: Ball
1-0: Called Strike
1-1: Called Strike
1-2: Ball
2-2: Ball
3-2: Base on Balls
Batting: RHB Juan Pérez 0-0: Ball
1-0: Swinging Strike
1-1: Foul Ball, location: 2F
1-2: Foul Ball, location: 2F
1-2: Foul Ball, location: 2F
1-2: Ball
2-2: Strikes out swinging
Bottom of the 2nd over - 0 runs, 0 hits, 0 errors, 1 left on base; Hicksville 1 - Memphis 3
TOP OF THE 3RD
Hicksville Hounds batting - Pitching for Memphis Music : RHP Iván Toledo
Batting: RHB Will Barr 0-0: Ball
1-0: Ball
2-0: Ball
3-0: Base on Balls
Batting: RHB Arturo Iglésias 0-0: Ball
1-0: Called Strike
1-1: Ball
2-1: Swinging Strike
2-2: Strikes out looking
Batting: RHB Jesús Renderos 0-0: Called Strike
0-1: Foul Ball, location: 2F
0-2: Foul Ball, location: 2F
0-2: Fly out, F7 (Line Drive, 7, EV 90.0 MPH)
Batting: LHB Timothy Hayes 0-0: Ball
1-0: Called Strike
1-1: Ball
2-1: DOUBLE (Line Drive, 78M, EV 110.0 MPH)
Will Barr to third
Runner from 3rd tries for Home, SAFE, no throw by LF
Batting: RHB Ramiro Rivera 0-0: Foul Ball, location: 2F
0-1: Called Strike
0-2: Strikes out looking
Top of the 3rd over - 1 run, 1 hit, 0 errors, 1 left on base; Hicksville 2 - Memphis 3
BOTTOM OF THE 3RD
Memphis Music batting - Pitching for Hicksville Hounds : RHP Chris Johnson
Batting: LHB Chiel van der Lee 0-0: Called Strike
0-1: Ball
1-1: DOUBLE (Line Drive, 89D, EV 100.6 MPH) - OUT at third base trying to stretch hit.
Batting: RHB Nestor Soliman 0-0: Fly out, F3 (Popup, 23F, EV 94.4 MPH)
Batting: LHB Paul Green 0-0: Swinging Strike
0-1: Ball
1-1: Foul Ball, location: 2F
1-2: Strikes out swinging
Bottom of the 3rd over - 0 runs, 1 hit, 0 errors, 0 left on base; Hicksville 2 - Memphis 3
TOP OF THE 4TH
Hicksville Hounds batting - Pitching for Memphis Music : RHP Iván Toledo
Batting: RHB Joe Barrientez 0-0: Ball
1-0: Foul Ball, location: 2F
1-1: Foul Ball, location: 2F
1-2: Ball
2-2: Ground out 5-3 (Groundball, 5, EV 85.6 MPH)
Batting: RHB Trent Davis 0-0: Called Strike
0-1: Ball
1-1: Foul Ball, location: 2F
1-2: Foul Ball, location: 2F
1-2: Foul Ball, location: 2F
1-2: Strikes out swinging
Batting: RHB Martín González 0-0: Ball
1-0: Foul Ball, location: 2F
1-1: Called Strike
1-2: Strikes out swinging
Top of the 4th over - 0 runs, 0 hits, 0 errors, 0 left on base; Hicksville 2 - Memphis 3
BOTTOM OF THE 4TH
Memphis Music batting - Pitching for Hicksville Hounds : RHP Chris Johnson
Batting: RHB Greg Mooney 0-0: Ball
1-0: Called Strike
1-1: Swinging Strike
1-2: Ball
2-2: Ball
3-2: Fly out, F9 (Line Drive, 9, EV 92.5 MPH)
Batting: RHB Javier Bruno 0-0: Called Strike
0-1: Ball
1-1: Ground out U3 (Groundball, 34, EV 84.4 MPH)
Batting: LHB Norbert King 0-0: Ball
1-0: Ball
2-0: Ball
3-0: Base on Balls
Batting: LHB Seung-yeop Yom 0-0: Fielders Choice at 2nd, 6-4 (Groundball, 6, EV 85.0 MPH)
Bottom of the 4th over - 0 runs, 0 hits, 0 errors, 1 left on base; Hicksville 2 - Memphis 3
TOP OF THE 5TH
Hicksville Hounds batting - Pitching for Memphis Music : RHP Iván Toledo
Batting: RHB Larry Thompson 0-0: Called Strike
0-1: Foul Ball, location: 2F
0-2: Strikes out looking
Pitching: RHP Anil Seshu
Batting: RHB Will Barr 0-0: Ball
1-0: Swinging Strike
1-1: Ball
2-1: Ground out 4-3 (Groundball, 34, EV 93.8 MPH)
Batting: RHB Arturo Iglésias 0-0: Ball
1-0: Ball
2-0: Called Strike
2-1: Foul Ball, location: 2F
2-2: Ball
3-2: Foul Ball, location: 2F
3-2: DOUBLE (Flyball, 9LD, EV 109.4 MPH)
Batting: RHB Jesús Renderos 0-0: Ball
1-0: Ball
2-0: Swinging Strike
2-1: Called Strike
2-2: Foul Ball, location: 2F
2-2: Strikes out looking
Top of the 5th over - 0 runs, 1 hit, 0 errors, 1 left on base; Hicksville 2 - Memphis 3
BOTTOM OF THE 5TH
Memphis Music batting - Pitching for Hicksville Hounds : RHP Chris Johnson
Batting: LHB Roberto Torres 0-0: Foul Ball, location: 2F
0-1: Called Strike
0-2: Ball
1-2: Ball
2-2: Ball
3-2: Foul Ball, location: 2F
3-2: Foul Ball, location: 2F
3-2: Fly out, F7 (Flyball, 78XD, EV 103.1 MPH)
Batting: RHB Juan Pérez 0-0: Called Strike
0-1: Ball
1-1: Foul Ball, location: 2F
1-2: Fly out, F9 (Flyball, 89D, EV 97.5 MPH)
Batting: LHB Chiel van der Lee 0-0: Ball
1-0: Ball
2-0: Ball
3-0: Called Strike
3-1: SINGLE (Line Drive, 89M, EV 103.1 MPH)
Batting: RHB Nestor Soliman 0-0: Ball
1-0: SINGLE (Line Drive, 6MD, EV 96.2 MPH)
Chiel van der Lee to second
Runner from 2nd tries for 3rd, SAFE, throw by CF made to third
Batting: LHB Paul Green 0-0: SINGLE (Flyball, 8RS, EV 91.2 MPH)
Chiel van der Lee scores
Nestor Soliman to second
Batting: RHB Greg Mooney 0-0: Called Strike
0-1: Ball
1-1: SINGLE (Groundball, 6, EV 75.0 MPH) (infield hit)
Nestor Soliman to third
Paul Green to second
Batting: RHB Javier Bruno 0-0: SINGLE (Groundball, 6MD, EV 103.1 MPH)
Nestor Soliman scores
Paul Green to third
Greg Mooney to second
Runner from 3rd tries for Home, SAFE, no throw by CF
Pitching: RHP Wop Koopman
Batting: LHB Norbert King 0-0: Ball
1-0: Ball
2-0: Ball
3-0: Called Strike
3-1: Called Strike
3-2: Foul Ball, location: 2F
3-2: Foul Ball, location: 2F
3-2: Fly out, F7 (Flyball, 7LMF, EV 79.4 MPH)
Bottom of the 5th over - 3 runs, 5 hits, 0 errors, 2 left on base; Hicksville 2 - Memphis 6
TOP OF THE 6TH
Hicksville Hounds batting - Pitching for Memphis Music : RHP Anil Seshu
Batting: LHB Timothy Hayes 0-0: Called Strike
0-1: Ball
1-1: Called Strike
1-2: Ball
2-2: Ball
3-2: Ground out 1-3 (Groundball, P, EV 92.5 MPH)
Batting: RHB Ramiro Rivera 0-0: Called Strike
0-1: Ball
1-1: Ball
2-1: Foul Ball, location: 2F
2-2: Ball
3-2: DOUBLE (Line Drive, 89XD, EV 107.5 MPH)
Batting: RHB Joe Barrientez 0-0: Ball
1-0: Ball
2-0: Ball
3-0: Called Strike
3-1: Swinging Strike
3-2: Base on Balls
Batting: RHB Trent Davis 0-0: Hit by Pitch
Ramiro Rivera to third
Joe Barrientez to second
Batting: RHB Martín González 0-0: Called Strike
0-1: Ball
1-1: Ball
2-1: Foul Ball, location: 2F
2-2: Foul Ball, location: 2F
2-2: Ball
3-2: Strikes out swinging
Batting: RHB Larry Thompson 0-0: Called Strike
0-1: Ball
1-1: Swinging Strike
1-2: Strikes out swinging
Top of the 6th over - 0 runs, 1 hit, 0 errors, 3 left on base; Hicksville 2 - Memphis 6
BOTTOM OF THE 6TH
Memphis Music batting - Pitching for Hicksville Hounds : RHP Wop Koopman
Batting: LHB Seung-yeop Yom 0-0: Ball
1-0: Called Strike
1-1: Ball
2-1: Called Strike
2-2: Ground out 1-3 (Groundball, 13, EV 91.2 MPH)
Batting: LHB Roberto Torres 0-0: Fly out, F9 (Flyball, 89D, EV 97.5 MPH)
Batting: RHB Juan Pérez 0-0: Called Strike
0-1: Foul Ball, location: 2F
0-2: SINGLE (Line Drive, 56D, EV 96.9 MPH)
Batting: LHB Chiel van der Lee 0-0: Called Strike
0-1: Foul Ball, location: 2F
0-2: Foul Ball, location: 2F
0-2: Strikes out swinging
Bottom of the 6th over - 0 runs, 1 hit, 0 errors, 1 left on base; Hicksville 2 - Memphis 6
TOP OF THE 7TH
Hicksville Hounds batting - Pitching for Memphis Music : RHP Anil Seshu
Batting: RHB Will Barr 0-0: Fly out, F8 (Flyball, 8RD, EV 103.8 MPH)
Batting: RHB Arturo Iglésias 0-0: Called Strike
0-1: Ball
1-1: Ground out 4-3 (Groundball, 4M, EV 85.0 MPH)
Batting: RHB Jesús Renderos 0-0: Foul Ball, location: 2F
0-1: Ball
1-1: Ground out 6-3 (Groundball, 6, EV 88.1 MPH)
Top of the 7th over - 0 runs, 0 hits, 0 errors, 0 left on base; Hicksville 2 - Memphis 6
BOTTOM OF THE 7TH
Memphis Music batting - Pitching for Hicksville Hounds : RHP Wop Koopman
Batting: RHB Nestor Soliman 0-0: Ball
1-0: Fly out, F8 (Line Drive, 8LD, EV 91.9 MPH)
Batting: LHB Paul Green 0-0: Ball
1-0: SINGLE (Groundball, 4D, EV 94.4 MPH)
Pitching: RHP Mike Hopkins
Batting: RHB Greg Mooney 0-0: Ball
1-0: Called Strike
1-1: Ball
2-1: Foul Ball, location: 2F
2-2: Foul Ball, location: 2F
2-2: Strikes out swinging
Batting: RHB Javier Bruno 0-0: Called Strike
0-1: Foul Ball, location: 2F
0-2: Fly out, F8 (Flyball, 8LM, EV 86.9 MPH)
Bottom of the 7th over - 0 runs, 1 hit, 0 errors, 1 left on base; Hicksville 2 - Memphis 6
TOP OF THE 8TH
Hicksville Hounds batting - Pitching for Memphis Music : RHP Anil Seshu
Pitching: RHP Henk Oversluizen
Batting: LHB Timothy Hayes 0-0: SINGLE (Line Drive, 34, EV 106.9 MPH)
Batting: RHB Ramiro Rivera 0-0: Ball
1-0: Ball
2-0: Foul Ball, location: 2F
2-1: Foul Ball, location: 2F
2-2: Ball
3-2: Strikes out looking
Batting: RHB Joe Barrientez 0-0: Swinging Strike
0-1: Ball
1-1: Foul Ball, location: 2F
1-2: Strikes out swinging
Batting: RHB Trent Davis 0-0: Called Strike
0-1: Fielders Choice at 2nd, 5-4 (Groundball, 56, EV 80.6 MPH)
Top of the 8th over - 0 runs, 1 hit, 0 errors, 1 left on base; Hicksville 2 - Memphis 6
BOTTOM OF THE 8TH
Memphis Music batting - Pitching for Hicksville Hounds : RHP Mike Hopkins
Batting: LHB Norbert King 0-0: Ground out 1-3 (Groundball, 34S, EV 82.5 MPH)
Batting: LHB Seung-yeop Yom 0-0: Called Strike
0-1: Foul Ball, location: 2F
0-2: Foul Ball, location: 2F
0-2: Ground out 4-3 (Groundball, 4M, EV 100.6 MPH)
Batting: LHB Roberto Torres 0-0: Ball
1-0: Ball
2-0: Ball
3-0: Called Strike
3-1: Foul Ball, location: 2F
3-2: Foul Ball, location: 2F
3-2: Base on Balls
Pitching: LHP Ricardo Hernández
Batting: RHB Juan Pérez 0-0: Fly out, F9 (Line Drive, 9, EV 91.9 MPH)
Bottom of the 8th over - 0 runs, 0 hits, 0 errors, 1 left on base; Hicksville 2 - Memphis 6
TOP OF THE 9TH
Hicksville Hounds batting - Pitching for Memphis Music : RHP Henk Oversluizen
Batting: RHB Martín González 0-0: Foul Ball, location: 2F
0-1: Ball
1-1: Fly out, F3 (Line Drive, 3, EV 72.5 MPH)
Batting: RHB Larry Thompson 0-0: Ball
1-0: Called Strike
1-1: Ball
2-1: Called Strike
2-2: Ball
3-2: SINGLE (Groundball, 6MD, EV 105.0 MPH)
Batting: RHB Will Barr 0-0: Ball
1-0: Ball
2-0: DOUBLE (Line Drive, 7LD, EV 106.9 MPH)
Larry Thompson to third
Batting: RHB Arturo Iglésias 0-0: Ball
1-0: Ball
2-0: Called Strike
2-1: Called Strike
2-2: Ball
3-2: Fly out, F9 (Flyball, 9LS, EV 92.5 MPH)
Runner from 3rd tags up, SCORES, no throw by RF
Batting: RHB Jesús Renderos 0-0: Called Strike
0-1: DOUBLE (Line Drive, 3D, EV 96.2 MPH)
Will Barr scores
Batting: LHB Timothy Hayes 0-0: Called Strike
0-1: Ball
1-1: Ball
2-1: Foul Ball, location: 2F
2-2: Ground out 6-3 (Groundball, 6M, EV 105.6 MPH)
Top of the 9th over - 2 runs, 3 hits, 0 errors, 1 left on base; Hicksville 4 - Memphis 6
Friday, March 26th, 2021 - OOTP Baseball 20.8 Build 74